 Dungeon Crawl Stone Soup version 0.31-a0-18-gea43df2a32 (webtiles) character file.

Game seed: 4498325046690602255

537 vineage the Poker (level 7, -2/84 HPs)
             Began as a Merfolk Fighter on May 11, 2023.
             Slain by Duvessa
             ... wielding a +0 rapier
              (4 damage)
             ... on level 4 of the Dungeon.
             The game lasted 00:02:49 (2425 turns).

vineage the Poker (Merfolk Fighter)                 Turns: 2425, Time: 00:02:50

Health: -2/84      AC:  6    Str: 17 (18) XL:     7   Next: 25%
Magic:  7/7        EV: 10    Int:  6 (7)  God:
Gold:   83         SH:  5    Dex: 13 (14) Spells: 6/6 levels left

rFire   . . .        a - +0 trident (heavy)
rCold   . . .        c - +0 buckler
rNeg    . . .        b - +0 scale mail
rPois   .            (no helmet)
rElec   .            (no cloak)
rCorr   .            (no gloves)
SInv    .            (no boots)
Will    .....        (no amulet) Stlth
                     (no ring)
HPRegen 0.34/turn    (no ring)
MPRegen 0.10/turn

%: no passive effects
@: berserking, very quick
A: (nimble swimmer 2), mertail
a: no special abilities


You were on level 4 of the Dungeon.
You visited 1 branch of the dungeon, and saw 4 of its levels.

You collected 83 gold pieces.

Inventory:

Hand Weapons
 a - a +0 heavy trident (weapon)
Armour
 b - a +0 scale mail (worn)
 c - a +0 buckler (worn)
Jewellery
 j - a ring of protection from cold
Wands
 e - a wand of roots (6)
 n - a wand of digging (3)
Scrolls
 f - a scroll of brand weapon
 h - 5 scrolls of identify
 l - a scroll of fear {unknown}
 p - a scroll of silence {unknown}
Potions
 g - a potion of magic {unknown}
 k - a potion of brilliance {unknown}
 m - a potion of mutation {unknown}
 o - a potion of flight {unknown}


   Skills:
 * Level 5.3 Fighting
 * Level 5.9 Polearms
 + Level 3.0 Armour
 + Level 3.5 Dodging
 + Level 4.0 Shields


You had 6 spell levels left.
You didn't know any spells.
Your spell library contained the following spells:

 Spells                   Type           Power      Damage    Failure   Level
 Apportation              Tloc           0%         N/A       91%         1
 Necrotise                Necr           0%         1d4       91%         1
 Summon Small Mammal      Summ           0%         N/A       91%         1
 Cigotuvi's Dreadful Rot  Necr/Pois/Air  0%         N/A       97%         2
 Dispel Undead            Necr           0%         3d6       100%        4
 Death Channel            Necr           0%         N/A       100%        6


Dungeon Overview and Level Annotations

Branches:
Dungeon (4/15)
 Temple: D:4-7

Altars:

Shops:
D:4 [

Annotations:
D:3 1 runed translucent door
D:4 Dowan, Duvessa


Innate Abilities, Weirdness & Mutations

((You are very nimble when in or above water. (Stealth+, EV+, Speed+++)))
Your lower body shifts to a powerful aquatic tail in water.


Message History

The jackal closely misses you. You block Duvessa's attack.
The jackal closely misses you. You block Dowan's attack.
Duvessa barely misses you.
You barely miss Duvessa.
Duvessa is moderately wounded.
The jackal barely misses you. Duvessa hits you with a +0 rapier.
Dowan hits you with a +0 dagger.
The jackal bites you but does no damage.
Duvessa closely misses you. Dowan hits you but does no damage.
The jackal bites you but does no damage.
Duvessa barely misses you.
You hit the jackal.
You kill the jackal!
Duvessa hits you with a +0 rapier. Dowan hits you with a +0 dagger.
You block Duvessa's attack. The jackal closely misses you.
Dowan hisses, "Insulting my beauty only makes me fight harder!"
Dowan barely misses you.
You puncture the jackal!
You kill the jackal!
Duvessa closely misses you. x2
Dowan casts a spell at you. The puff of frost hits you!
Dowan mumbles some strange words.
Dowan blinks!
You block Duvessa's attack.
Things that are here:
a jackal corpse; a jackal corpse You barely miss Duvessa.
Duvessa is moderately wounded.
Duvessa closely misses you. Dowan hits you with a +0 dagger.
Duvessa hits you with a +0 rapier!
* * * LOW HITPOINT WARNING * * *
Dowan hits you with a +0 dagger.
* * * LOW HITPOINT WARNING * * *
Okay, then.
Okay, then.
It was a potion of berserk rage.
A red film seems to cover your vision as you go berserk!
You feel yourself moving faster!
You feel mighty! Duvessa hits you with a +0 rapier.
You die...

.8. ... ##.## ######
#...# ####.#... .## ##.##
#..##.###
#...####...####...#.##
#.##........#..).....##.#
#...####e.###..####...#)
#.....e@...#..........##
...##.†####...####..##...
##. ##.##....## ##. ##
#.....#### # #......... #
#........... #
...e......... #
.h.h..e......# #
......h.......# #


You could see Duvessa (fast) and Dowan.

Vanquished Creatures
  The ghost of Cris the Conjurer, an amateur KoCj (D:3)
  A bullfrog (D:3)
  2 scorpions (D:4)
  A jelly (D:4)
  A hound (D:4)
  A sleepcap (D:4)
  Terence (D:3)
  3 adders (D:3)
  3 gnolls (D:3)
  2 worms (D:3)
  A dart slug (D:3)
  8 orcs (D:3)
  7 ball pythons
  4 endoplasms
  4 giant cockroaches
  8 goblins
  7 hobgoblins
  7 jackals
  A quokka (D:3)
  3 bats
  2 frilled lizards
  7 kobolds
  4 rats
79 creatures vanquished.

Notes
Turn   | Place    | Note
-------+----------+-------------------------------------------
     0 | D:1      | vineage the Merfolk Fighter began the quest for the Orb.
     0 | D:1      | Reached XP level 1. HP: 18/18 MP: 1/1
   203 | D:1      | Reached XP level 2. HP: 24/24 MP: 2/2
   415 | D:1      | Reached skill level 1 in Dodging
   721 | D:2      | Reached XP level 3. HP: 30/30 MP: 3/3
   832 | D:2      | Identified the staff of air "Qacvid" {rElec Will+}
   950 | D:2      | You fall into a shaft and drop 2 floors!
  1033 | D:4      | Found Wooqy's Armour Emporium.
  1055 | D:4      | Reached XP level 4. HP: 3/37 MP: 4/4
  1210 | D:4      | Reached XP level 5. HP: 42/42 MP: 5/5
  1236 | D:4      | Reached XP level 6. HP: 42/49 MP: 6/6
  1427 | D:3      | Reached skill level 5 in Polearms
  1476 | D:3      | Found a runed translucent door.
  1477 | D:3      | Noticed Cris's ghost (amateur KoCj)
  1482 | D:3      | Noticed Terence
  1487 | D:3      | Killed Terence
  1495 | D:3      | Reached skill level 5 in Fighting
  1503 | D:3      | Killed Cris's ghost
  1504 | D:3      | Reached XP level 7. HP: 51/56 MP: 7/7
  1510 | D:3      | Found a runed translucent door.
  2404 | D:4      | Noticed Duvessa
  2404 | D:4      | Noticed Dowan
  2424 | D:4      | HP: 1/56 [Dowan/+0 dagger (6)]
  2425 | D:4      | Slain by Duvessa

Illustrated notes

Levels and vault maps discovered:
D:1:      minmay_arrival_radiant_lines, layout_basic
D:2:      layout_basic
D:3:      minmay_recursive_quarters, layout_loops_ring, ebering_ghost_sewer_f,
          solitary_fountain, uniq_terence
D:4:      wad_crossroads, layout_cave_pods, nicolae_take_the_stairs,
          minmay_lizard_king, uniq_duvessa

Skill      XL: |  1  2  3  4  5  6  7 |
---------------+----------------------+-----
Polearms       | 3 4 5 |  5.9
Dodging        | 1 2 3 |  3.5
Fighting       | 4 5 |  5.3
Shields        | 4 |  4.0
Armour         | 3 |  3.0

Action                     |  1- 3 |  4- 6 |  7- 9 || total
---------------------------+-------+-------+-------++-------
  Melee: Trident           |    74 |    48 |    62 ||   184
    Use: Scroll            |     4 |       |     1 ||     5
         Potion            |       |     2 |     2 ||     4
 Armour: Scale mail        |    20 |    18 |    20 ||    58
  Dodge: Dodged            |    35 |    24 |    59 ||   118
  Block: Buckler           |     6 |    14 |    30 ||    50

Table legend: (Time is in decaauts)
 A = Elapsed time spent in this place.
 B = Non-inter-level travel time spent in this place.
 C = Inter-level travel time spent in this place.
 D = Time resting spent in this place.
 E = Time spent auto-exploring this place.
 F = Levels seen in this place.
 G = Mean time per level.
                   A        B        C        D        E       F      G
               +--------+--------+--------+--------+--------+-----+--------+
         Total |   2513 |   2440 |     73 |    266 |   1679 |   4 |  628.2 |
       Dungeon |   2513 |   2440 |     73 |    266 |   1679 |   4 |  628.2 |
               +--------+--------+--------+--------+--------+-----+--------+

Top non-repeatable levels by time:
     D:3: 1055 daAuts
     D:1: 710 daAuts
     D:4: 482 daAuts
     D:2: 264 daAuts
